 Dungeon Crawl Stone Soup version 0.28-a0-1206-g193881aaa2 (webtiles) character file.

Game seed: 17249008944906390755

36 SensoryNuts the Skirmisher (level 3, -1/29 HPs)
             Began as a Demonspawn Fighter on Dec 20, 2021.
             Slain by an orc priest (4 damage)
             ... on level 2 of the Dungeon.
             The game lasted 00:00:48 (1094 turns).

SensoryNuts the Skirmisher (Demonspawn Fighter)     Turns: 1094, Time: 00:00:49

Health: -1/29      AC:  6    Str: 18    XL:     3   Next: 19%
Magic:  3/3        EV:  9    Int:  9    God:
Gold:   50         SH:  4    Dex: 12    Spells: 2/2 levels left

rFire   . . .      SeeInvis .   a - +0 long sword
rCold   . . .      Faith    .   c - +0 buckler
rNeg    . . .      Spirit   .   b - +0 scale mail
rPois   .          Reflect  .   (no helmet)
rElec   .          Harm     .   (no cloak)
rCorr   .          Rampage  .   (no gloves)
Will    .....                   (no boots)
Stlth   ..........              (no amulet)
HPRegen 0.09/turn               (no ring)
MPRegen 0.08/turn               (no ring)

@: mighty
A: hooves 1
a: no special abilities


You were on level 2 of the Dungeon.
You visited 1 branch of the dungeon, and saw 2 of its levels.

You collected 50 gold pieces.

Inventory:

Hand Weapons
 a - a +0 long sword (weapon)
Armour
 b - a +0 scale mail (worn)
 c - a +0 buckler (worn)
Scrolls
 e - a scroll of vulnerability {unknown}
 f - a scroll of magic mapping {unknown}
Potions
 g - a potion of cancellation {unknown}
 h - a potion of heal wounds {unknown}


   Skills:
 + Level 3.2 Fighting
 + Level 2.1 Long Blades
 + Level 3.2 Armour
 + Level 3.1 Shields


You had 2 spell levels left.
You didn't know any spells.
Your spell library was empty.

Dungeon Overview and Level Annotations

Branches:
Dungeon (2/15)

Altars:


Innate Abilities, Weirdness & Mutations

You have large cloven feet.


Message History

The hobgoblin hits you but does no damage.
You slash the hobgoblin!
You kill the hobgoblin!
You hit the orc priest. Your kick misses the orc priest.
The orc priest is lightly wounded.
The orc completely misses you.
The orc priest hits you with a +0 hand axe.
The orc hits you but does no damage.
The orc priest invokes the aid of Beogh against you.
Pain shoots through your body!
You barely miss the orc priest.
You kick the orc priest, but do no damage.
The orc priest is lightly wounded.
The orc hits you with a +0 club. The orc priest closely misses you.
You hit the orc priest.
The orc priest is moderately wounded.
The orc hits you with a +0 club.
* * * LOW HITPOINT WARNING * * *
The quokka barely misses you.
The orc priest hits you with a +0 hand axe.
* * * LOW HITPOINT WARNING * * *
The quokka bites you.
* * * LOW HITPOINT WARNING * * *
You miss the quokka. You block the quokka's attack.
You closely miss the quokka. Your kick misses the quokka.
The quokka bites you but does no damage.
The quokka barely misses you.
You feel very mighty all of a sudden.
The quokka bites you but does no damage.
The orc hits you with a +0 club.
* * * LOW HITPOINT WARNING * * *
Unknown command.
You closely miss the quokka. You kick the quokka.
You kill the quokka!
The orc hits you with a +0 club.
* * * LOW HITPOINT WARNING * * *
You slash the orc!
You kill the orc!
The orc priest hits you with a +0 hand axe.
You die...

...#.......#
#.###.#.#
###.#.......#
#.#...#.#
............#
#.#.###.#
..........#
#.#.....#
#...o...#
#.#######
#.......#
#.....# #
##o####.#
#####.###
#)o# #....
##@###.#
######.
#..##.#
#.####.
##.##.#
#......
#.##.#
#.#####
#..#.######.#
##.#.#......#
#.#.#.######
###.#'#.#
#....†..#


You could see an orc priest and an orc.

Vanquished Creatures
  An adder (D:2)
  An orc (D:2)
  6 ball pythons
  4 bats (D:1)
  An endoplasm (D:2)
  5 hobgoblins
  A kobold (D:1)
  2 quokkas
  3 goblins (D:1)
  2 rats (D:1)
26 creatures vanquished.

Notes
Turn   | Place    | Note
-------+----------+-------------------------------------------
     0 | D:1      | SensoryNuts the Demonspawn Fighter began the quest for the
                  | Orb.
     0 | D:1      | Reached XP level 1. HP: 18/18 MP: 1/1
   143 | D:1      | Found a faded altar of an unknown god.
   149 | D:1      | Gained mutation: You have large cloven feet. [demonic
                  | ancestry]
   149 | D:1      | Reached XP level 2. HP: 24/24 MP: 2/2
   602 | D:2      | Reached XP level 3. HP: 6/29 MP: 3/3
  1094 | D:2      | Slain by an orc priest

Illustrated notes

Levels and vault maps discovered:
D:1:      wander_arrival_fairy_ring, layout_rooms,
          ebering_ecumenical_altar_rust, minmay_split_cup_small
D:2:      layout_basic, minmay_indecisive_spiral, uniq_natasha

Skill      XL: |  1  2 |
---------------+-------+-----
Shields        | 3 |  3.1
Armour         | 3 |  3.2
Long Blades    | 2 |  2.1
Fighting       | |  3.2

Action                   || total
-------------------------++-------
Melee: Long sword        ||    72
       Kick              ||    11
  Use: Potion            ||     1
Armor: Scale mail        ||    43
Dodge: Dodged            ||    65
Block: Buckler           ||    28

Table legend: (Time is in decaauts)
 A = Elapsed time spent in this place.
 B = Non-inter-level travel time spent in this place.
 C = Inter-level travel time spent in this place.
 D = Time resting spent in this place.
 E = Time spent auto-exploring this place.
 F = Levels seen in this place.
 G = Mean time per level.
                   A        B        C        D        E       F      G
               +--------+--------+--------+--------+--------+-----+--------+
         Total |   1117 |   1082 |     35 |      0 |    910 |   2 |  558.5 |
       Dungeon |   1117 |   1082 |     35 |      0 |    910 |   2 |  558.5 |
               +--------+--------+--------+--------+--------+-----+--------+

Top non-repeatable levels by time:
     D:1: 868 daAuts
     D:2: 249 daAuts
